 Dungeon Crawl Stone Soup version 0.21.1-1-g345015fe64 (webtiles) character file.

2352 Hercules1031 the Magician (level 9, -1/69 HPs)
             Began as a Gnoll Skald on June 9, 2018.
             Was a Follower of Sif Muna.
             Slain by a wolf (2 damage)
             ... led by Grum
             ... on level 8 of the Dungeon.
             The game lasted 00:50:00 (6484 turns).

Hercules1031 the Magician (Gnoll Skald)             Turns: 6484, Time: 00:50:01

Health: -1/69      AC:  8    Str: 17    XL:     9   Next: 43%
Magic:  11/18      EV: 16    Int: 21    God:    Sif Muna [*.....]
Gold:   388        SH:  0    Dex: 16    Spells: 13/21 levels left

rFire    . . .     SeeInvis .   y - +3 whip (elec)
rCold    . . .     Gourm    .   (no shield)
rNeg     + . .     Faith    .   r - +3 leather armour
rPois    .         Spirit   .   (no helmet)
rElec    .         Reflect  .   (no cloak)
rCorr    .         Harm     +   (no gloves)
MR       .....                  (no boots)
Stlth    ++++......             l - amulet of harm
HPRegen  0.21/turn              h - ring of positive energy
MPRegen  0.16/turn              D - ring of stealth

@: brilliant, infused, very slightly contaminated, invisible
A: distributed training, fangs 1, slimy green scales 1, strong 1, strong nose
a: Divine Energy, Renounce Religion


You were on level 8 of the Dungeon.
You worshipped Sif Muna.
Sif Muna was aware of your devotion.
You were not hungry.

You visited 2 branches of the dungeon, and saw 9 of its levels.

You collected 388 gold pieces.

Inventory:

Hand Weapons
 a - a +0 mace
 e - a +2 dagger of flaming
 k - a cursed -1 war axe
 n - a +0 dagger
 o - a +1 whip
 t - a +0 great mace of protection
 y - a +3 whip of electrocution (weapon)
 B - a +1 long sword of pain
 H - a +1 spear of piercing
 I - a +0 hand crossbow
 M - a +0 halberd
Armour
 b - a +0 leather armour
 f - a +0 leather armour
 g - a +0 ring mail
 i - a +0 ring mail
 m - a +1 chain mail
 q - a +0 chain mail
 r - a +3 leather armour (worn)
 u - a +0 plate armour
 F - a +0 scale mail
Magical Staves
 j - a cursed staff of fire
Jewellery
 h - a ring of positive energy (left hand)
 l - an amulet of harm (around neck)
 v - an uncursed amulet of rage {unknown}
 D - a ring of stealth (right hand)
 K - an uncursed amulet of faith {unknown}
 O - a cursed ring of teleportation
Wands
 w - a wand of random effects (25)
 x - a wand of iceblast (10)
 C - a wand of acid (7)
 L - a wand of flame (25)
Scrolls
 p - 2 scrolls of fear
 E - 2 scrolls of teleportation
 G - 2 scrolls of amnesia
 N - 3 scrolls of immolation
Potions
 z - a potion of magic
 A - a potion of flight
 J - a potion of invisibility
Books
 c - a book of Battle

   Spells                             Type                      Level
   a - Infusion                       Charms                       1
   b - Shroud of Golubria             Charms/Translocation         2
   c - Song of Slaying                Charms                       2
   d - Spectral Weapon                Hexes/Charms                 3
   e - Regeneration                   Charms/Necromancy            3
Comestibles
 d - 8 rations


   Skills:
 + Level 6.2 Fighting
 + Level 4.1 Short Blades
 + Level 4.1 Long Blades
 + Level 4.1 Axes
 + Level 6.2 Maces & Flails
 + Level 4.1 Polearms
 + Level 4.1 Staves
 + Level 4.1 Slings
 + Level 4.1 Bows
 + Level 4.1 Crossbows
 + Level 4.1 Throwing
 + Level 5.0 Armour
 + Level 6.2 Dodging
 + Level 4.1 Stealth
 + Level 4.1 Shields
 + Level 4.1 Unarmed Combat
 + Level 6.6 Spellcasting
 + Level 3.4 Conjurations
 + Level 3.4 Hexes
 + Level 6.5 Charms
 + Level 3.4 Summonings
 + Level 3.4 Necromancy
 + Level 3.4 Translocations
 + Level 3.4 Transmutations
 + Level 3.4 Fire Magic
 + Level 3.4 Ice Magic
 + Level 3.4 Air Magic
 + Level 3.4 Earth Magic
 + Level 3.4 Poison Magic
 + Level 4.6 Invocations
 + Level 4.1 Evocations


You had 13 spell levels left.
You knew the following spells:

 Your Spells              Type           Power        Failure   Level  Hunger
a - Infusion              Chrm           ####         1%          1    None
b - Spectral Weapon       Hex/Chrm       #####...     1%          3    #......
c - Song of Slaying       Chrm           #####...     1%          2    None
d - Shroud of Golubria    Chrm/Tloc      #####.....   1%          2    None


Dungeon Overview and Level Annotations

Branches:
Dungeon (8/15)             Temple (1/1) D:5
   Lair: D:8-11

Altars:
Ashenzari
Cheibriados
Dithmenos
Fedhas
Gozag
Hepliaklqana
Makhleb
Okawaru
Qazlal
Ru
Sif Muna
Trog
Vehumet
Wu Jian
Xom
Yredelemnul
Zin
The Shining One

Annotations:
D:8 Grum


Innate Abilities, Weirdness & Mutations

Your experience applies equally to all skills.
You have very sharp teeth.
Your uncanny sense of smell can sniff out nearby items.
You are partially covered in slimy green scales. (AC +2)
Your muscles are strong. (Str +2)


Message History

The wolf barely misses you. Grum barely misses you. The wolf misses you.
The iguana misses you. The wolf completely misses you.
You fade into invisibility!
The wolf completely misses you. The wolf closely misses you.
The wolf barely misses you. The iguana misses you. The wolf misses you.
Grum completely misses you. The wolf closely misses you.
You are very lightly contaminated with residual magic.
The wolf bites you but does no damage. The wolf bites you.
* * * LOW HITPOINT WARNING * * *
The wolf bites your spectral weapon.
Your spectral weapon shares its damage with you!
* * * LOW HITPOINT WARNING * * *
The wolf bites you but does no damage. The iguana bites your spectral weapon!
Your spectral weapon shares its damage with you!
* * * LOW HITPOINT WARNING * * *
You feel clever all of a sudden. The wolf barely misses you.
The wolf barely misses your spectral weapon.
The wolf bites you.
You die...

......# ..
#............
)..##.####.....
########.#.##
.........'.....#
.#..#
#......###.....#
.##.# #......#
....###### .#
#......######.......#
#...................#
##.##+#.............#
#.# #.........@$..#
#.# #........h(h..#
#.# #........lgh..#
#.............#
#.............#
...'.............#
##'#.............#
#.....###..........
#..... #.###+###...


You could see Grum, 3 wolves, an iguana and a friendly spectral whip of
electrocution.

Vanquished Creatures
  A manticore (D:7)
  A phantom (D:4)
  2 ogres (D:6)
  3 centaurs
  A wolf (D:8)
  2 bullfrogs
  4 killer bees (D:7)
  The ghost of loran1212 the Slasher, a weakling MiGl (D:3)
  An electric eel (D:6)
  4 crimson imps
  5 hounds
  2 quasits (D:6)
  A bullfrog skeleton (D:5)
  2 orc priests (D:8)
  A jelly (D:7)
  A centaur skeleton (D:5)
  2 iguanas
  6 orc wizards
  4 worker ants
  2 hound zombies
  6 gnolls
  2 adders
  2 shadow imps
  An adder skeleton (D:6)
  4 worms (D:2)
  2 dart slugs
  3 leopard geckos
  8 orcs
  2 giant cockroaches (D:2)
  2 hobgoblins
  19 jackals
  4 quokkas
  6 bats
  2 frilled lizards
  5 goblins
  5 kobolds
  A quokka skeleton (D:4)
  7 rats
127 creatures vanquished.

Notes
Turn   | Place    | Note
-------+----------+-------------------------------------------
     0 | D:1      | Hercules1031 the Gnoll Skald began the quest for the Orb.
     0 | D:1      | Reached XP level 1. HP: 20/20 MP: 6/6
   109 | D:1      | Learned a level 1 spell: Infusion
   152 | D:1      | Reached XP level 2. HP: 18/26 MP: 3/7
   815 | D:1      | Found a glowing golden altar of the Shining One.
   822 | D:1      | Became a worshipper of the Shining One
   884 | D:2      | Reached XP level 3. HP: 25/31 MP: 9/9
   962 | D:2      | Reached skill level 5 in Spellcasting
  1047 | D:2      | Learned a level 3 spell: Spectral Weapon
  1050 | D:2      | Learned a level 2 spell: Song of Slaying
  1053 | D:2      | Learned a level 2 spell: Shroud of Golubria
  1441 | D:2      | Reached skill level 1 in Invocations
  1588 | D:2      | Reached skill level 1 in Short Blades
  1588 | D:2      | Reached skill level 1 in Long Blades
  1588 | D:2      | Reached skill level 1 in Axes
  1588 | D:2      | Reached skill level 1 in Polearms
  1588 | D:2      | Reached skill level 1 in Staves
  1588 | D:2      | Reached skill level 1 in Slings
  1588 | D:2      | Reached skill level 1 in Bows
  1588 | D:2      | Reached skill level 1 in Crossbows
  1588 | D:2      | Reached skill level 1 in Throwing
  1588 | D:2      | Reached skill level 1 in Stealth
  1588 | D:2      | Reached skill level 1 in Shields
  1588 | D:2      | Reached skill level 1 in Unarmed Combat
  1588 | D:2      | Reached skill level 1 in Evocations
  1588 | D:2      | Reached XP level 4. HP: 22/38 MP: 11/11
  1711 | D:3      | Found a shadowy altar of Dithmenos.
  1731 | D:3      | Noticed loran1212's ghost (weakling MiGl)
  1792 | D:3      | Killed loran1212's ghost
  1792 | D:3      | Reached skill level 1 in Conjurations
  1792 | D:3      | Reached skill level 1 in Hexes
  1792 | D:3      | Reached skill level 1 in Summonings
  1792 | D:3      | Reached skill level 1 in Necromancy
  1792 | D:3      | Reached skill level 1 in Translocations
  1792 | D:3      | Reached skill level 1 in Transmutations
  1792 | D:3      | Reached skill level 1 in Fire Magic
  1792 | D:3      | Reached skill level 1 in Ice Magic
  1792 | D:3      | Reached skill level 1 in Air Magic
  1792 | D:3      | Reached skill level 1 in Earth Magic
  1792 | D:3      | Reached skill level 1 in Poison Magic
  1972 | D:3      | Reached XP level 5. HP: 29/43 MP: 12/12
  2171 | D:3      | HP: 1/43 [bullfrog (2)]
  2192 | D:3      | Reached XP level 6. HP: 9/50 MP: 13/13
  3268 | D:4      | Reached skill level 5 in Fighting
  3268 | D:4      | Reached skill level 5 in Maces & Flails
  3268 | D:4      | Reached skill level 5 in Dodging
  3354 | D:4      | Noticed a phantom
  3401 | D:4      | Killed a phantom
  3460 | D:4      | Reached XP level 7. HP: 42/56 MP: 15/15
  3571 | D:5      | Entered Level 5 of the Dungeon
  3636 | D:5      | Reached * piety under the Shining One
  4051 | D:5      | Found a staircase to the Ecumenical Temple.
  4059 | Temple   | Entered the Ecumenical Temple
  4244 | Temple   | Fell from the grace of the Shining One
  4244 | Temple   | Became a worshipper of Sif Muna the Loreminder
  4368 | D:6      | Reached XP level 8. HP: 48/63 MP: 4/16
  4575 | D:6      | Found a shadowy altar of Dithmenos.
  4979 | D:7      | Gained mutation: Your muscles are strong. (Str +2) [potion of mutation]
  4979 | D:7      | Gained mutation: You are partially covered in slimy green scales. (AC +2) [potion of mutation]
  5676 | D:7      | Noticed a manticore
  5691 | D:7      | Killed a manticore
  5691 | D:7      | Reached * piety under Sif Muna
  5691 | D:7      | Reached XP level 9. HP: 30/69 MP: 2/18
  5790 | D:7      | Found a burning altar of Makhleb.
  5790 | D:7      | Found a glowing golden altar of the Shining One.
  6468 | D:8      | Noticed Grum
  6477 | D:8      | Reached skill level 5 in Armour
  6483 | D:8      | HP: 2/69 [wolf[Grum] (2)]
  6484 | D:8      | Slain by a wolf

Skill      XL: |  1  2  3  4  5  6  7  8  9 |
---------------+----------------------------+-----
Spellcasting   | 5 6 |  6.6
Invocations    | 1 2 3 4 |  4.6
Short Blades   | 1 2 3 4 |  4.1
Long Blades    | 1 2 3 4 |  4.1
Axes           | 1 2 3 4 |  4.1
Polearms       | 1 2 3 4 |  4.1
Staves         | 1 2 3 4 |  4.1
Slings         | 1 2 3 4 |  4.1
Bows           | 1 2 3 4 |  4.1
Crossbows      | 1 2 3 4 |  4.1
Throwing       | 1 2 3 4 |  4.1
Stealth        | 1 2 3 4 |  4.1
Shields        | 1 2 3 4 |  4.1
Unarmed Combat | 1 2 3 4 |  4.1
Evocations     | 1 2 3 4 |  4.1
Conjurations   | 1 2 3 |  3.4
Hexes          | 1 2 3 |  3.4
Summonings     | 1 2 3 |  3.4
Necromancy     | 1 2 3 |  3.4
Translocations | 1 2 3 |  3.4
Transmutations | 1 2 3 |  3.4
Fire Magic     | 1 2 3 |  3.4
Ice Magic      | 1 2 3 |  3.4
Air Magic      | 1 2 3 |  3.4
Earth Magic    | 1 2 3 |  3.4
Poison Magic   | 1 2 3 |  3.4
Armour         | 3 4 5 |  5.0
Fighting       | 5 6 |  6.2
Maces & Flails | 5 6 |  6.2
Dodging        | 5 6 |  6.2
Charms         | 6 |  6.5

Action                   |  1- 3 |  4- 6 |  7- 9 || total
-------------------------+-------+-------+-------++-------
Melee: Mace              |    62 |       |       ||    62
       Bite              |    14 |    12 |    16 ||    42
       Dagger            |    49 |    81 |       ||   130
       Whip              |    44 |    31 |   206 ||   281
       Punch             |     1 |     1 |     2 ||     4
       Great mace        |       |    41 |       ||    41
 Cast: Infusion          |     6 |     2 |    57 ||    65
       Spectral Weapon   |       |       |     6 ||     6
       Shroud of Golubri |       |       |     2 ||     2
       Song of Slaying   |       |       |     1 ||     1
Evoke: Wand              |       |       |     2 ||     2
  Use: Scroll            |     6 |     8 |     9 ||    23
       Potion            |     1 |    11 |     9 ||    21
 Stab: Sleeping          |       |       |     1 ||     1
  Eat: Ration            |     2 |     2 |     2 ||     6
Armor: Leather armour    |    17 |       |    54 ||    71
       Chain mail        |    75 |   110 |       ||   185
       Skin              |       |    74 |    39 ||   113
       Plate armour      |       |    12 |    34 ||    46
Dodge: Dodged            |   110 |    86 |   195 ||   391
